Map: Dusk Towers

Players

renewal

  • Race: Terran Terran
  • League: Master

MCanning - Winner!

  • Race: Protoss Protoss
  • League: Grandmaster

VOD

Have the link to the VOD?

Description

Time

  • Played on: Dec. 3, 2015, 11:59 p.m.
  • Length: 6:56
Show
View Real Time Build Order
Export as new Build Order

renewal Terran 

Build Orders: 1/1/1, Liberator Opening 

Get SALT Encoding   

  12  0:01  SCV  
  13  0:13  SCV  
  14  0:17  Supply Depot  
  14  0:25  SCV  
  15  0:34  Refinery  
  15  0:39  SCV  
  16  0:45  Barracks  
  16  0:51  SCV  
  16  0:56  Refinery  
  17  1:03  SCV  
  18  1:15  SCV  
  19  1:31  Orbital Command  
  19  1:32  Marine  
  20  1:36  Factory  
  20  1:52  Supply Depot  
  20  1:59  SCV  
  20  2:01  Barracks Reactor  
  21  2:11  SCV  
  22  2:18  Supply Depot  
  22  2:23  SCV  
  22  2:25  Starport  
  22  2:26  Factory Tech Lab  
  23  2:35  SCV  
  24  2:37  Marine  
  24  2:38  Marine  
  26  2:46  Siege Tank  
  26  2:48  Liberator  
  29  2:53  Supply Depot  
  29  2:56  Marine x2  
  34  3:14  Marine x2  
  34  3:17  Supply Depot  
  36  3:32  Marine x2  
  36  3:33  Liberator  
  37  3:34  Siege Tank  
  37  3:41  Supply Depot  
  40  3:50  Marine  
  40  3:52  Marine  
  45  4:06  Siege Tank  
  45  4:07  Marine  
  49  4:10  Marine  
  50  4:24  SCV  
  50  4:27  Supply Depot  
  51  4:31  Marine x2  
  53  4:39  Hellion  
  53  4:41  Liberator  
  54  4:50  Bunker  
  54  4:56  Marine x2  
  59  5:00  Siege Tank  
  62  5:31  Marine x2  
  64  5:42  Siege Tank  
  62  5:54  Marine x2  
  64  6:06  Bunker  
  56  6:14  Marine x2  
  56  6:15  Siege Tank, Medivac  
Show
View Real Time Build Order
Export as new Build Order

MCanning Protoss - Winner!

Build Orders: 1 Gate Expand 

Get SALT Encoding   

  12  0:02  Probe (Chrono Boost)  
  13  0:12  Probe (Chrono Boost)  
  14  0:20  Pylon  
  14  0:23  Probe (Chrono Boost)  
  15  0:38  Probe (Chrono Boost)  
  15  0:40  Gateway  
  16  0:49  Probe (Chrono Boost)  
  17  0:52  Assimilator  
  17  0:59  Probe (Chrono Boost)  
  18  1:10  Probe (Chrono Boost)  
  19  1:22  Nexus  
  19  1:37  Cybernetics Core  
  19  1:38  Probe (Chrono Boost)  
  20  1:46  Assimilator  
  20  1:49  Probe (Chrono Boost)  
  21  1:56  Pylon  
  21  1:59  Probe (Chrono Boost)  
  21  2:10  Probe (Chrono Boost)  
  22  2:16  Adept  
  22  2:20  Warp Gate  
  22  2:21  Mothership Core (Chrono Boost)  
  26  2:35  Probe (Chrono Boost)  
  27  2:39  Probe (Chrono Boost)  
  28  2:46  Probe (Chrono Boost)  
  28  2:49  Probe (Chrono Boost)  
  30  2:53  Robotics Facility  
  30  2:56  Probe (Chrono Boost)  
  31  3:00  Probe (Chrono Boost)  
  32  3:06  Gateway  
  32  3:09  Gateway  
  32  3:20  Gateway  
  32  3:25  Pylon  
  33  3:34  Probe (Chrono Boost)  
  33  3:38  Probe (Chrono Boost)  
  34  3:42  Observer (Chrono Boost)  
  34  3:44  Pylon  
  35  3:48  Probe  
  36  4:01  Observer (Chrono Boost)  
  36  4:02  Probe  
  38  4:03  Probe, Pylon  
  39  4:12  Twilight Council  
  39  4:14  Probe  
  40  4:19  Immortal (Chrono Boost)  
  44  4:27  Stalker x2, Adept x2  
  52  4:39  Pylon  
  50  4:48  Stalker  
  52  4:54  Stalker  
  52  4:56  Immortal (Chrono Boost)  
  58  5:04  Adept x2  
  62  5:09  Pylon  
  62  5:17  Pylon  
  62  5:18  Pylon  
  62  5:25  Adept x2  
  66  5:30  Warp Prism (Chrono Boost)  
  66  5:32  Stalker  
  70  5:35  Stalker  
  72  5:48  Adept  
  72  5:49  Adept  
  76  5:56  Gateway  
  76  5:58  Adept  
  76  6:02  Pylon  
  78  6:16  Stalker x2  
  72  6:20  Stalker x2  
Tags
 
Add a new tag
Caveats
  • Supply blocks, unpowered buildings, or Contaminate may cause inaccurate times.
  • Supply counts are checked every 10 seconds.